 Dungeon Crawl Stone Soup version 0.18-a0-1195-g77a4f03 (webtiles) character file.

5483 Kidiri the Thaumaturge (level 10, -20/56 HPs)
             Began as a Deep Elf Conjurer on Jan 29, 2016.
             Was a Follower of Vehumet.
             Demolished by a spiny frog (21 damage)
             ... on level 1 of the Lair of Beasts.
             The game lasted 00:46:56 (14559 turns).

Kidiri the Thaumaturge (Deep Elf Conjurer)         Turns: 14559, Time: 00:46:56

Health: -20/56     AC: 13    Str:  3    XL:     10   Next: 42%
Magic:  13/25      EV: 15    Int: 24    God:    Vehumet [*.....]
Gold:   249        SH:  0    Dex: 15    Spells: 9 memorised, 2 levels left

rFire  . . .     SeeInvis .     b - +2 quarterstaff (chaos)
rCold  . . .     Gourm    .     q - +2 leather armour {MR+}
rNeg   . . .     Faith    .     (shield currently unavailable)
rPois  +         Spirit   .     G - +0 helmet
rElec  .         Dismiss  .     k - +1 cloak {rPois}
rCorr  .         Reflect  .     (no gloves)
SustAt +         Harm     .     x - +1 pair of boots
MR     ++...                    D - amulet of magic regeneration
Stlth  +++++.....               d - ring of stealth
                                n - ring of sustain attributes

@: very resistant to hostile enchantments, quite stealthy
A: molten scales 1, yellow scales 1, camouflage 1, blurry vision 1, mutation
resistance 1, weak 1
a: Renounce Religion


You were on level 1 of the Lair of Beasts.
You worshipped Vehumet.
Vehumet was aware of your devotion.
You were not hungry.

You visited 3 branches of the dungeon, and saw 10 of its levels.

You collected 334 gold pieces.
You spent 85 gold pieces at shops.

Inventory:

Hand Weapons
 b - a +2 quarterstaff of chaos (weapon)
Missiles
 w - 2 throwing nets (quivered)
Armour
 k - a +1 cloak of poison resistance (worn)
 q - a +2 leather armour of magic resistance (worn)
 t - a +0 shield
 x - a +1 pair of boots (worn)
 G - a +0 helmet (worn)
Jewellery
 d - a ring of stealth (right hand)
 n - a ring of sustain attributes (left hand)
 o - an uncursed ring of teleportation
 y - an uncursed ring of positive energy
 D - an amulet of magic regeneration (around neck)
Wands
 r - a wand of lightning (8/15)
 B - a wand of polymorph (8/24)
 F - a wand of polymorph (7/24)
Scrolls
 a - 4 scrolls of teleportation
 f - 3 scrolls of remove curse
 m - 3 scrolls of amnesia
 v - a scroll of fog
 A - 2 scrolls of identify
 C - a scroll of immolation {unknown}
Potions
 e - a potion of curing
 g - a potion of berserk rage
 h - 2 potions of brilliance
 l - 3 potions of cancellation
 s - a potion of flight {unknown}
 u - a potion of cure mutation {unknown}
 z - 2 potions of magic {unknown}
 E - a potion of ambrosia {unknown}
Books
 p - a book of Burglary

   Spells                             Type                      Level
   a - Swiftness                      Charms/Air                   2
   b - Passwall                       Transmutation/Earth          3
   c - Passage of Golubria            Translocation                4
   d - Lee's Rapid Deconstruction     Earth                        5
   e - Darkness                       Hexes                        6
   f - Invisibility                   Hexes                        6
Comestibles
 c - 9 bread rations
 i - a meat ration
 H - a beef jerky
 I - a chunk of flesh


   Skills:
 + Level 3.5 Fighting
 + Level 3.1 Staves
 + Level 3.4 Armour
 * Level 8.0 Dodging
 + Level 6.3 Stealth
 * Level 1.4 Shields
 * Level 9.0 Spellcasting
 * Level 8.4 Conjurations
 + Level 5.1 Hexes
 + Level 4.0 Charms
 + Level 1.2 Transmutations
 + Level 2.1 Air Magic
 + Level 1.2 Earth Magic
 + Level 0.4 Poison Magic
 + Level 1.9 Evocations


You had 2 spell levels left.
You knew the following spells:

 Your Spells              Type           Power        Failure   Level  Hunger
a - Magic Dart            Conj           ####         1%          1    None
b - Searing Ray           Conj           ######       1%          2    None
c - Dazzling Spray        Conj/Hex       #####...     1%          3    None
d - Iskenderun's Mystic   Conj           ######..     3%          4    ##.....
e - Fulminant Prism       Conj/Hex       #####.....   8%          4    ##.....
f - Iskenderun's Battles  Conj/Chrm      #####...     28%         5    ####...
g - Swiftness             Chrm/Air       ####....     6%          2    None
h - Passwall              Trmt/Erth      ###.......   24%         3    None
i - Sting                 Conj/Pois      ####         1%          1    None


Dungeon Overview and Level Annotations

Branches:
Dungeon (8/15)             Temple (1/1) D:7            Lair (1/8) D:8

Altars:
Cheibriados
Dithmenos
Elyvilon
Fedhas
Gozag
Kikubaaqudgha
Makhleb
Nemelex Xobeh
Okawaru
Pakellas
Qazlal
Ru
Trog
Vehumet
Xom
Zin
The Shining One

Shops:
D:4 [=*[

Annotations:
D:8 utis's ghost, novice DEGl
Lair:1 Joseph


Innate Abilities, Weirdness & Mutations

You are partially covered in molten scales (AC +1).
You are partially covered in yellow scales (AC +2).
Your skin changes colour to match your surroundings (Stealth).
Scrolls take you a little longer to read.
You are somewhat resistant to further mutation.
You are weak. (Str -2)


Message History

Aim: a spiny frog (severely wounded)
The orb of energy hits the spiny frog.
The spiny frog is almost dead.
The orb of energy explodes!
The mystic blast hits the hippogriff.
The hippogriff is heavily wounded.
The mystic blast hits the spiny frog.
You kill the spiny frog!
Vehumet accepts your kill.
Your Dodging skill increases to level 8!
Your Spellcasting skill increases to level 9!
Your Charms skill increases to level 4!
The mystic blast hits the spiny frog.
The spiny frog is almost dead.
You hear a bellow!
The spiny frog stings you!
* * * LOW HITPOINT WARNING * * *
The spiny frog stings you!
* * * LOW HITPOINT WARNING * * *
The spiny frog stings you!!
You die...

***,,*,,** *,,,,,,,,** *,*****,
*,**,,,* *,,,,,,,,.## **,,,**,,
***,,**,,***,,,,,*,∩..##*,,,,,,,,
,,,,****..*,,,,***,.....,,,,,,,,,
*,,,,,*#..#..,***##...,,,,,,,,,,,
,*,**,,......** *P...,,,,,,,,,,,,
**,***,#......*##..#*,,,,,,,,,,,,
,,,* **#.....###..#**,,,,,,,,,,,,
,,,* *#.....HF@.#*,,,*,,,,,,,,,
,,****###......F####..#*,,,,,,,,*
*,,*,##.#......†.....#,**,,,,,,,*
,,,,,..>..............#****,,,,,,
,...............#..##..,**,,,,*,,
........##......#..#*,,,,,,,,,*,*
......,**##..##.....#*,,,,,,,,,,*
....l.** #...#.....#*,,,,,,,,,,,
#.....## ##....#....*,,,,*,,**,,


You could see a hippogriff and 2 spiny frogs.

Vanquished Creatures
  The ghost of Azzok the Cleaver, a novice FoFi of Okawaru (D:7)
  A spiny frog (Lair:1)
  A two-headed ogre (D:8)
  A water moccasin (D:7)
  3 ice beasts
  2 orc warriors
  5 phantoms
  3 sky beasts
  6 centaurs
  A necrophage (D:6)
  6 ogres
  A big kobold (D:8)
  4 giant frogs
  2 gnoll sergeants
  A scorpion (D:6)
  4 wights (D:7)
  3 crimson imps
  5 hounds
  2 quasits
  A centaur skeleton (D:7)
  Crazy Yiuf (D:5)
  2 orc priests
  2 iguanas
  10 orc wizards
  7 worker ants
  2 hound zombies
  2 hound skeletons
  19 gnolls
  A worker ant zombie (D:6)
  7 adders
  3 river rats (D:8)
  2 shadow imps (D:8)
  An ooze (D:2)
  4 adder skeletons
  An adder zombie (D:6)
  2 worms (D:2)
  4 giant geckos
  39 orcs
  4 ball pythons
  5 giant cockroaches
  5 goblins
  4 hobgoblins
  7 jackals
  4 quokkas
  13 bats
  7 giant newts
  14 kobolds
  13 rats
  A fungus (D:5)
  A plant (D:4)
240 creatures vanquished.

Vanquished Creatures (others)
  17 fungi (D:8)
  12 plants
29 creatures vanquished.

Grand Total: 269 creatures vanquished

Notes
Turn   | Place    | Note
--------------------------------------------------------------
     0 | D:1      | Kidiri the Deep Elf Conjurer began the quest for the Orb.
     0 | D:1      | Reached XP level 1. HP: 10/10 MP: 6/6
   677 | D:1      | Reached XP level 2. HP: 15/15 MP: 4/8
   681 | D:1      | Learned a level 2 spell: Searing Ray
  1312 | D:2      | Reached XP level 3. HP: 20/20 MP: 4/9
  1317 | D:2      | Learned a level 3 spell: Dazzling Spray
  2227 | D:3      | Reached XP level 4. HP: 16/24 MP: 5/11
  3283 | D:4      | Learned a level 4 spell: Iskenderun's Mystic Blast
  3299 | D:4      | Reached skill level 1 in Fighting
  3299 | D:4      | Reached skill level 5 in Conjurations
  3299 | D:4      | Reached skill level 1 in Hexes
  3300 | D:4      | Noticed an ogre
  3337 | D:4      | Noticed a phantom
  3341 | D:4      | Killed an ogre
  3341 | D:4      | Reached skill level 1 in Armour
  3341 | D:4      | Reached XP level 5. HP: 29/29 MP: 1/13
  3592 | D:4      | Found Obrempil's Armour Shoppe.
  3654 | D:4      | Found Adiub's Jewellery Emporium.
  3733 | D:4      | Found Yzexupt's Antique Armour Shoppe.
  3736 | D:4      | Bought a runed cloak for 85 gold pieces
  3780 | D:4      | Found an opulent altar of Gozag.
  3781 | D:4      | Found a sparkling altar of Nemelex Xobeh.
  4327 | D:4      | Noticed a phantom
  4536 | D:4      | Reached XP level 6. HP: 22/34 MP: 0/14
  4712 | D:4      | Learned a level 4 spell: Fulminant Prism
  5088 | D:4      | Found Hionix's General Store.
  5286 | D:4      | Reached skill level 5 in Spellcasting
  5561 | D:4      | Reached XP level 7. HP: 35/38 MP: 3/16
  6277 | D:4      | Reached skill level 6 in Conjurations
  6627 | D:5      | Entered Level 5 of the Dungeon
  6910 | D:5      | Reached skill level 5 in Dodging
  7012 | D:5      | Gained mutation: You are weak. (Str -2) [potion of mutation]
  7012 | D:5      | Gained mutation: You are partially covered in yellow scales (AC +2). [potion of mutation]
  7012 | D:5      | Gained mutation: You are frail (-10% HP). [potion of mutation]
  7098 | D:5      | Gained mutation: You are partially covered in molten scales (AC +1). [potion of mutation]
  7098 | D:5      | Gained mutation: Scrolls take you a little longer to read. [potion of mutation]
  7098 | D:5      | Gained mutation: Your skin changes colour to match your surroundings (Stealth). [potion of mutation]
  7203 | D:5      | Found a burning altar of Makhleb.
  7293 | D:5      | Reached XP level 8. HP: 39/39 MP: 8/19
  7487 | D:5      | Learned a level 5 spell: Iskenderun's Battlesphere
  8515 | D:5      | Noticed Crazy Yiuf
  8531 | D:5      | Killed Crazy Yiuf
  8763 | D:6      | Reached skill level 5 in Stealth
  8857 | D:6      | Reached skill level 7 in Conjurations
  9081 | D:6      | Reached skill level 1 in Staves
  9321 | D:6      | Reached skill level 1 in Charms
  9495 | D:6      | Learned a level 2 spell: Swiftness
  9833 | D:6      | Reached XP level 9. HP: 28/44 MP: 0/21
 10431 | D:7      | Noticed Azzok's ghost (novice FoFi)
 11196 | D:7      | Reached skill level 1 in Air Magic
 11724 | D:7      | Found a staircase to the Ecumenical Temple.
 11735 | D:7      | Found a sparkling altar of Nemelex Xobeh.
 11749 | Temple   | Entered the Ecumenical Temple
 11803 | Temple   | Became a worshipper of Vehumet
 12123 | D:7      | Lost mutation: You are frail (-10% HP). [mutagenic meat]
 12124 | D:7      | Gained mutation: You are somewhat resistant to further mutation. [mutagenic meat]
 12295 | D:7      | Reached skill level 8 in Conjurations
 12341 | D:7      | Reached skill level 1 in Evocations
 12439 | D:7      | Learned a level 3 spell: Passwall
 12686 | D:7      | Killed Azzok's ghost
 12686 | D:7      | Reached XP level 10. HP: 17/56 MP: 0/24
 13098 | D:8      | Found a sacrificial altar of Ru.
 13183 | D:8      | Reached skill level 5 in Hexes
 13649 | D:8      | Found a burning altar of Makhleb.
 13649 | D:8      | Found a snail-covered altar of Cheibriados.
 13819 | D:8      | Reached * piety under Vehumet
 13819 | D:8      | Offered knowledge of Sting by Vehumet.
 13823 | D:8      | Reached skill level 1 in Shields
 13843 | D:8      | Learned a level 1 spell: Sting
 13924 | D:8      | Reached skill level 1 in Earth Magic
 13941 | D:8      | Noticed utis's ghost (novice DEGl)
 14103 | D:8      | Reached skill level 1 in Transmutations
 14204 | D:8      | Found a staircase to the Lair.
 14499 | Lair:1   | Entered Level 1 of the Lair of Beasts
 14524 | Lair:1   | Noticed Joseph
 14529 | Lair:1   | Noticed a spiny frog
 14535 | Lair:1   | Noticed a spiny frog
 14544 | Lair:1   | Noticed a spiny frog
 14547 | Lair:1   | Noticed a spiny frog
 14559 | Lair:1   | Killed a spiny frog
 14559 | Lair:1   | Reached skill level 9 in Spellcasting
 14559 | Lair:1   | HP: 1/56 [spiny frog (8)]
 14559 | Lair:1   | Demolished by a spiny frog

Vault maps used:
D:1:      minmay_arrival_nine_rooms
D:2:      first_bread
D:4:      grunt_temple_overflow_opulence, serial_bayou, serial_bayou_lagoon_a,
          serial_bayou_pond_b, serial_bayou_shore_a, serial_bayou_pond_c,
          serial_shops, nicolae_shop_behind_doors, shop, shop,
          kennysheep_mini_moat, kennysheep_opposing_triangles
D:5:      makhleb_heckhound_becter, uniq_crazy_yiuf_cottage
D:7:      temple_pool_b, basic_altar
D:8:      nicolae_overflow_hidden_temple, kennysheep_mini,
          grunt_lair_entry_orc_guard_hut
Temple:   circular_temple_12
Lair:1:   minmay_lair_oklob_chamber, basic_altar, lab_entry_generic,
          st_stairs_5, minivault_27, cheibrodos_lair_caveside_slide,
          beast_lair_carwin_1, uniq_nergalle, uniq_joseph, uniq_fannar

Action                   |  1- 3 |  4- 6 |  7- 9 | 10-12 || total
-------------------------+-------+-------+-------+-------++-------
Melee: Dagger            |     1 |    41 |   368 |       ||   410
       Quarterstaff      |       |       |    55 |    34 ||    89
Throw: Throwing net      |       |       |     3 |       ||     3
 Cast: Magic Dart        |    81 |    80 |   199 |    90 ||   450
       Dazzling Spray    |       |    27 |    50 |    24 ||   101
       Searing Ray       |       |     7 |    41 |     9 ||    57
       Iskenderun's Myst |       |     1 |       |     3 ||     4
  Use: Scroll            |       |    11 |     4 |     1 ||    16
       Potion            |       |       |     7 |       ||     7
 Stab: Invisible         |       |     2 |     3 |     3 ||     8
       Sleeping          |       |       |     6 |     2 ||     8
  Eat: Chunk             |     4 |     3 |    12 |     2 ||    21
       Fruit             |       |     1 |     2 |       ||     3
       Royal jelly       |       |     1 |     1 |       ||     2
       Meat ration       |       |     2 |     1 |     1 ||     4
       Bread ration      |       |       |     1 |       ||     1
       Pizza             |       |       |     1 |       ||     1
